Fleur, neutral female sylph Wizard ---- --- ----------..| ---- --.-- --..|.|..|...| |..----- --...| ---........|.--- | |...|..| |....| |.....|......--- ..| --.....| |-..--- |....---.......| ---- ...-- --....| |.....----------.-----......| --..| .....-- |..--- ---...%<........[......*...*.%-- --.^.---.....>..------ - --..|---|.......----------------.....%.----- |............................| |...--.--.--...-- |.......[.|.------..|.%.--- .....--- -- - --........|---.--- | ---............--....----..................| |..%...--- |...| |......................--- |.'-- .........| - --.....| ---)--- --.....................| --Z| - ----- ---.--- ---....-- --....................| |.| --- ---.......-- -----...........|...-- |.| |..........-- |...--.......---..--- |.| |...........| -.------.....- |....| |q| |...........| --..... |....| |@-- --.---....--- |.....|--..-- |..| --- ---.-- ---.--- |..| |..| --- --- ---- ---- Fleur the Conjurer Experience level: 5 Strength: 13 Dexterity: 13 Constitution: 13 Intelligence: 17 Wisdom: 16 Charisma: 9 Health: 0(39) Energy: 56(61) Def: 1 Gold: 186 Moves: 1068 Dungeon seed: xDYYzK_pxNHtr3FH Game ID: Fleur_1480288562 Your Inventory: Coins $ - 186 gold pieces Weapons a - a blessed +1 quarterstaff (alternate weapon; not wielded) s - a blessed +0 dagger u - 3 +0 daggers (wielded) Armor e - an uncursed +0 cloak of magic resistance (being worn) Comestibles j - 2 uncursed food rations k - an uncursed figue l - an uncursed lichen corpse p - an uncursed tripe ration v - an uncursed apple Scrolls h - an uncursed scroll of light i - an uncursed scroll of enchant weapon Spellbooks b - a blessed spellbook of force bolt c - an uncursed spellbook of detect unseen Potions f - a blessed potion of gain energy g - an uncursed potion of healing m - a cursed potion of gain level B - an uncursed potion of paralysis Wands d - a wand of nothing (0:4) Tools o - an uncursed skeleton key t - an uncursed brass lantern (0:1173) x - a cursed wax candle (0:400) Gems n - 3 uncursed worthless pieces of black glass q - an uncursed topaz (in quiver) r - an uncursed worthless piece of white glass y - an uncursed worthless piece of orange glass z - an uncursed worthless piece of green glass N - an uncursed worthless piece of violet glass Y - an uncursed worthless piece of yellow glass Spells and supernatural/magical abilities: Name Level Category Fail Memory a - force bolt 1 attack 0% 95% U - detect unseen 3 divination 93% 95% W - pray for help -- divine ? -- Your skills at the end: Miscellaneous Skills wands [Basic] Weapon Skills dagger [Basic] quarterstaff [Basic] Spellcasting Skills attack spells [Basic] enchantment spells [Basic] Final Attributes: You were devoutly aligned. You were magic-protected. Your writing hand was ok. You saw invisible. You had infravision. You were very stealthy. You were protected from shape changers. You are dead. Vanquished creatures: a quantum mechanic 3 gnome lords a kitten 4 dwarves 2 hobbits 2 geckos 8 gnomes 3 jackals a fox a kobold 2 newts 3 sewer rats 3 grid bugs a lichen 35 creatures vanquished. Voluntary challenges: You followed a strict vegan diet. You did not adorn yourself with jewelry or accessories. You did not cause conflict. You were not invisible. You did not have reflection. You were not displaced. You used a wielded weapon 65 times, starting on turn 5. You did not apply a unicorn horn. You did not use plumbed fixtures. You read items or engraved 1 time, starting on turn 1047. You never genocided any monsters. You never polymorphed an object. You never changed form. You used no wishes. You never split a pudding. You wrote Elbereth's name 1 time, starting on turn 1047. You never violated your personal moral code. Dungeon overview: The Dungeons of Doom: levels 1 to 3 Level 1 a fountain a long staircase Level 2 stairs to The Gnomish Mines Level 3 The Gnomish Mines: levels 3 to 4 Level 3 stairs to The Dungeons of Doom Level 4 <- You were here History has recorded: On T:1 you entered the Dungeons of Doom to retrieve the Amulet of Yendor! On T:199 you reached level 2 of The Dungeons of Doom. On T:216 you reached level 3 of The Dungeons of Doom. On T:503 you advanced to experience level 2. On T:509 you reached level 1 of The Gnomish Mines. On T:565 you advanced to experience level 3. On T:670 you advanced to experience level 4. On T:690 you prayed to Thoth. On T:767 you reached level 2 of The Gnomish Mines. On T:974 you advanced to experience level 5. Score breakdown: Gold: 186 ( 18 points) Experience: 5 levels ( 400 points) Exploration: 4 levels ( 90 points) Discoveries: 0 items ( 0 points) Variety of kills: 14 monsters ( 700 points) Major goal: (nothing yet) ( 0 points) Survival: died (score multiplied by 3) Total score: 3624 Latest messages: Never mind. You feel better. The rothe claws you! The rothe bites! (2x) There are a few objects here. The rothe claws you! The rothe just misses! The rothe bites! You stab the rothe. The rothe claws you! The rothe bites! (2x) You miss the rothe. (2x) The rothe claws you! The rothe bites! (2x) You stab the rothe. The rothe claws you! The rothe bites! (2x) The spell hits the rothe. The spell hits the elf zombie! The rothe claws you! The rothe bites! (2x) You die... Final status: Goodbye Fleur the Wizard, killed by a rothe... You died in The Gnomish Mines on dungeon level 4 with 3624 points, and 186 pieces of gold, after 1068 moves. You were level 5 with a maximum of 39 hit points when you died.